 Dungeon Crawl Stone Soup version 0.26-b1-59-ge38874ec40 (webtiles) character file.

Game seed: 11048902982677687843

219 dolemite99 the Chopper (level 5, 0/70 HPs)
             Began as a Minotaur Fighter on Jan 9, 2021.
             Was a Follower of Dithmenos.
             Succumbed to an orc's poison
             ... on level 3 of the Dungeon.
             The game lasted 00:02:53 (2553 turns).

dolemite99 the Chopper (Minotaur Fighter)           Turns: 2553, Time: 00:02:53

Health: 0/70       AC: 22    Str: 21 (22) XL:     5   Next: 63%
Magic:  2/4        EV:  2    Int:  4 (5)  God:    Dithmenos [*.....]
Gold:   150        SH:  9    Dex:  7 (9)  Spells: 4/4 levels left

rFire    . . .     SeeInvis .   a - +0 war axe
rCold    . . .     Faith    .   c - +0 kite shield
rNeg     + + +     Spirit   +   (armour currently unavailable)
rPois    +         Reflect  .   (helmet currently unavailable)
rElec    .         Harm     .   (cloak currently unavailable)
rCorr    .         Rampage  .   (gloves currently unavailable)
Will     .....     NoTele   +   (boots currently unavailable)
Stlth    +.........             r - amulet of guardian spirit
HPRegen  0.21/turn              (no ring)
MPRegen  0.09/turn              (no ring)

@: mighty, lethally poisoned (0 -> -1), tree-form, hasted, wreathed by umbra,
very quick
A: (retaliatory headbutt)
a: Renounce Religion


You were on level 3 of the Dungeon.
You worshipped Dithmenos.
Dithmenos was aware of your devotion.
You were a tree.
You visited 1 branch of the dungeon, and saw 3 of its levels.

You collected 150 gold pieces.

Inventory:

Hand Weapons
 a - a +0 war axe (weapon)
 o - a +0 hunting sling
Missiles
 g - 49 sling bullets
 s - 73 stones (quivered)
 v - 25 arrows
Armour
 b - a +0 scale mail (melded)
 c - a +0 kite shield (worn)
 e - +0 fire dragon scales
 u - a +0 pair of gloves (melded)
 x - a +0 chain mail
Jewellery
 p - an uncursed ring of see invisible {unknown}
 r - an amulet of guardian spirit (around neck)
Wands
 t - a wand of flame (8)
Scrolls
 f - a scroll of enchant weapon {unknown}
 h - 4 scrolls of identify {unknown}
 k - 2 scrolls of remove curse {unknown}
 l - a scroll of magic mapping {unknown}
 m - 4 scrolls of teleportation {unknown}
 q - a scroll of fog {unknown}
 w - a scroll of blinking {unknown}
Potions
 j - a potion of degeneration


   Skills:
 + Level 4.6 Fighting
 * Level 4.9 Axes
 + Level 4.7 Armour
 + Level 4.7 Shields


You had 4 spell levels left.
You didn't know any spells.
Your spell library was empty.

Dungeon Overview and Level Annotations

Branches:
Dungeon (3/15)

Altars:
Dithmenos
The Shining One


Innate Abilities, Weirdness & Mutations

((You reflexively headbutt those who attack you in melee.))
((You have a pair of horns on your head.))


Message History

The orc priest hits you but does no damage.
You barely miss the orc priest.
The orc priest is heavily wounded.
You block the orc priest's attack.
You slice the orc priest!!
You kill the orc priest!
Dithmenos accepts your kill.
* * * LOW HITPOINT WARNING * * *
You feel sick.
You cannot move.
Okay, then.
* * * LOW HITPOINT WARNING * * *
You feel sick.
* * * LOW HITPOINT WARNING * * *
You feel sick.
* * * LOW HITPOINT WARNING * * *
You feel sick.
* * * LOW HITPOINT WARNING * * *
You feel sick.
You die...

#.#.....# ##.##.##.
#.......# ##.....###
##.......#####....### # .
#....#............###
....###≈≈≈≈≈≈≈†....##
...#####...≈..)#####
.........≈.≈.)..##
.........)....#..#
...≈....##♣##.##)##
.≈≈...#..#)...##..#
......##.[...####........
.≈.≈.#####†.(..........##
.≈... #..†)..######....>.
#...##..##(#.# .####.
#.#. #. #.#.# ## # ..#.#
.##


There were no monsters in sight!

Vanquished Creatures
  2 orc priests (D:3)
  Jessica (D:3)
  Robin (D:3)
  4 adders
  2 oozes (D:2)
  2 worms
  A dart slug (D:1)
  6 orcs (D:3)
  13 goblins
  9 hobgoblins
  6 jackals (D:3)
  A quokka (D:3)
  3 bats
  6 frilled lizards
  8 kobolds
  4 rats
69 creatures vanquished.

Notes
Turn   | Place    | Note
-------+----------+-------------------------------------------
     0 | D:1      | dolemite99 the Minotaur Fighter began the quest for the
                  | Orb.
     0 | D:1      | Reached XP level 1. HP: 19/19 MP: 0/0
    87 | D:1      | You fall into a shaft and drop 1 floor!
   331 | D:1      | Reached XP level 2. HP: 27/27 MP: 1/1
   916 | D:2      | Found a shadowy altar of Dithmenos.
   927 | D:2      | Became a worshipper of Dithmenos the Shadowed
   946 | D:2      | Reached XP level 3. HP: 20/33 MP: 2/2
  1778 | D:2      | Found a glowing golden altar of the Shining One.
  1812 | D:3      | Noticed Robin
  1815 | D:3      | Reached XP level 4. HP: 32/40 MP: 3/3
  1998 | D:3      | Noticed Jessica
  2032 | D:3      | Reached * piety under Dithmenos
  2043 | D:3      | Killed Robin
  2049 | D:3      | Killed Jessica
  2352 | D:3      | Reached XP level 5. HP: 47/47 MP: 4/4
  2536 | D:3      | HP: 3/70 [poisoned by an orc]
  2541 | D:3      | HP: 2/70 [poisoned by an orc]
  2548 | D:3      | HP: 1/70 [poisoned by an orc]
  2553 | D:3      | Succumbed to an orc's poison

Illustrated notes

Levels and vault maps discovered:
D:1:      lightli_iron_boxes, layout_loops_cross, grunt_decor_cap,
          minmay_misc_feat_x, minmay_misc_feat_hallway
D:2:      layout_basic, tso_oasis_becter, grunt_dithmenos_smoke_and_mirrors
D:3:      layout_rooms, serial_rivers, chequers_serial_rivers_small_a,
          chequers_serial_rivers_micro_c, chequers_serial_rivers_micro_a,
          chequers_serial_rivers_micro_d, chequers_serial_rivers_room_a,
          chequers_serial_rivers_micro_e, uniq_jessica, uniq_robin,
          uniq_crazy_yiuf_cottage

Skill      XL: |  1  2  3  4 |
---------------+-------------+-----
Axes           | 3 4 |  4.9
Fighting       | 4 |  4.6
Armour         | 4 |  4.7
Shields        | 4 |  4.7

Action                   |  1- 3 |  4- 6 || total
-------------------------+-------+-------++-------
Melee: War axe           |    84 |    74 ||   158
       Headbutt          |     8 |     8 ||    16
Throw: Stone             |       |    20 ||    20
  Use: Scroll            |     1 |       ||     1
       Potion            |       |     4 ||     4
Armor: Scale mail        |    32 |    41 ||    73
       Skin              |       |     1 ||     1
Dodge: Dodged            |    22 |    33 ||    55
Block: Kite shield       |    54 |    48 ||   102
